 Dungeon Crawl Stone Soup version 0.29-a0-275-g389c0b56f3 (webtiles) character file.

Game seed: 6422048950752942489

150170 enile the Scorcher (level 16, -6/132 HPs)
             Began as a Demigod Fire Elementalist on Mar 11, 2022.
             Mangled by an Executioner (18 damage)
             ... on level 2 of the Abyss.
             The game lasted 01:23:46 (39496 turns).

enile the Scorcher (Demigod Fire Elementalist)     Turns: 39496, Time: 01:23:47

Health: -6/132     AC: 16    Str: 13    XL:     16   Next: 43%
Magic:  12/33      EV: 18    Int: 41    God:
Gold:   795        SH:  6    Dex: 14    Spells: 9/33 levels left

rFire   + . .      SeeInvis .   E - +4 demon whip (venom)
rCold   . . .      Faith    .   J - +1 buckler of Suuniran {rC+}
rNeg    . . .      Spirit   .   a - +0 troll leather armour
rPois   .          Reflect  .   D - +1 hat
rElec   .          Harm     .   V - +2 cloak {rCorr}
rCorr   +          Rampage  .   I - -1 pair of gloves of Calculation {+Blink Int+2}
Will    +....                   p - +2 pair of boots {Stlth+}
Stlth   +++.......              s - amulet of regeneration
HPRegen 1.92/turn               Y - ring of fire
MPRegen 0.23/turn               S - ring "Quass" {EV+4 Str+4 Int+4}

@: about to teleport, on blink cooldown, very slightly contaminated
A: high MP 1, forlorn, divine attributes, iridescent scales 2, dopey 1, shaggy
fur 1, no potion heal 1
a: Evoke Blink


You were on level 2 of the Abyss.
You visited 4 branches of the dungeon, and saw 23 of its levels.
You visited the Abyss 1 time.
You also visited: Gauntlet and Volcano.

You collected 2278 gold pieces.
You spent 1483 gold pieces at shops.

Inventory:

Hand Weapons
 f - a +0 vorpal flail
 r - the +9 whip of Omeghacs {vorpal, *Corrode rN+ Int+3}
   (You found it on level 3 of the Dungeon)

   It inflicts extra damage upon your enemies.
   Int:       It affects your intelligence (+3).
   rN:        It protects you from negative energy.
   *Corrode:  It may corrode you when you take damage.
 E - a +4 demon whip of venom (weapon)
Armour
 a - a +0 troll leather armour (worn)
 e - +0 acid dragon scales
 l - the +1 robe "Dueph" {rF+}
   (You found it on level 2 of the Dungeon)

   rF:        It protects you from fire.
 n - a +2 ring mail of fire resistance
 o - the +1 ring mail "Efraedah" {Str-4 Dex+5 SInv Stlth+}
   (You found it on level 5 of the Dungeon)

   Str:       It affects your strength (-4).
   Dex:       It affects your dexterity (+5).
   SInv:      It lets you see invisible.
   Stlth:     It makes you more stealthy.
 p - a +2 pair of boots of stealth (worn)
 x - a +2 pair of gloves of dexterity
 A - a +2 robe of willpower
 D - a +1 hat (worn)
 I - the -1 pair of gloves of Calculation (worn) {+Blink Int+2}
   (You found it in a Gauntlet)

   Int:       It affects your intelligence (+2).
   +Blink:    It lets you blink.
 J - the +1 buckler of Suuniran (worn) {rC+}
   (You acquired it on level 2 of the Lair of Beasts)

   rC:        It protects you from cold.
 O - a scarf of harm
 V - a +2 cloak of preservation (worn)
Magical Staves
 P - a staff of conjuration
Jewellery
 g - a +4 ring of evasion
 q - an amulet of guardian spirit
 s - an amulet of regeneration (around neck)
 B - a ring of see invisible
 C - a +6 ring of strength
 Q - a ring of ice
 S - the ring "Quass" (right hand) {EV+4 Str+4 Int+4}
   (You found it on level 10 of the Dungeon)

   [ring of evasion]

   EV:        It affects your evasion (+4).
   Str:       It affects your strength (+4).
   Int:       It affects your intelligence (+4).
 W - a ring of flight
 Y - a ring of fire (left hand)
Wands
 G - a wand of paralysis (8)
 H - a wand of polymorph (11)
 M - a wand of flame (1) (quivered)
 R - a wand of mindburst (21)
Scrolls
 c - 5 scrolls of noise
 h - 4 scrolls of torment
 j - 6 scrolls of amnesia
 m - 7 scrolls of teleportation
 w - 8 scrolls of fog
 z - 5 scrolls of magic mapping
 F - 4 scrolls of fear
 T - 3 scrolls of immolation
 Z - 3 scrolls of identify
Potions
 k - 4 potions of mutation
 u - 5 potions of flight
 v - 6 potions of curing
 y - a potion of resistance
 L - 4 potions of berserk rage
 X - a potion of might


   Skills:
 - Level 9.0 Fighting
 - Level 3.0 Maces & Flails
 - Level 7.0 Dodging
 - Level 3.2 Stealth
 - Level 4.0 Shields
 - Level 9.0 Spellcasting
 - Level 11.0 Conjurations
 - Level 4.0 Hexes
 + Level 16.5 Fire Magic
 - Level 10.2 Evocations


You had 9 spell levels left.
You knew the following spells:

 Your Spells              Type           Power      Damage    Failure   Level
a - Foxfire               Conj/Fire      100%       2x1d9     0%          1
b - Scorch                Fire           100%       2d10      0%          2
c - Inner Flame           Hex/Fire       100%       N/A       1%          3
d - Flame Wave            Conj/Fire      100%       2d17      1%          4
e - Starburst             Conj/Fire      57%        6d15      1%          6
f - Ignition              Fire           62%        3d17      22%         8

Your spell library contained the following spells:

 Spells                   Type           Power      Damage    Failure   Level
 Magic Dart               Conj           100%       1d8       1%          1
 Conjure Flame            Conj/Fire      100%       6-21      1%          3
 Dazzling Flash           Conj/Hex       100%       N/A       1%          3
 Fulminant Prism          Conj/Hex       34%        3d16      1%          4
 Fireball                 Conj/Fire      57%        3d22      1%          5
 Animate Skeleton         Necr           36%        N/A       3%          1
 Apportation              Tloc           36%        N/A       3%          1
 Freeze                   Ice            72%        1d9       3%          1
 Summon Small Mammal      Summ           72%        N/A       3%          1
 Hailstorm                Conj/Ice       59%        3d13      3%          4
 Iskenderun's Mystic Bla  Conj/Tloc      59%        2d12      3%          4
 Corpse Rot               Necr/Air       36%        N/A       4%          2
 Poisonous Vapours        Pois/Air       36%        N/A       4%          2
 Frozen Ramparts          Ice            36%        1d5       9%          3
 Lee's Rapid Deconstruct  Erth           9%         3d8*      63%         5
 Lehudib's Crystal Spear  Conj/Erth      29%        10d8      100%        8


Dungeon Overview and Level Annotations

Branches:
Dungeon (13/15)            Temple (0/1) D:7            Lair (6/6) D:8
 Shoals (0/4) Lair:4        Snake (0/4) Lair:4        Slime (0/5) Lair:5
    Orc (2/2) D:9             Elf (2/3) Orc:2        Vaults (0/5) D:13
Volcano (visited)         Gauntlet (visited)

Shops:
D:3 =   D:4 :   D:13 =   Orc:2 (:[*

Annotations:
D:7 exclusion: cyclops
D:8 exclusion: ice statue
Lair:6 1 transporter, exclusion: ice statue, testman's ghost, journeyman TrMo
Elf:1 Asterion; Nikola


Innate Abilities, Weirdness & Mutations

You have an increased reservoir of magic. (+10% MP)
You shall have no god before yourself.
Your divine heritage dramatically boosts your attributes as you level up.
You are mostly covered in iridescent scales. (AC +4)
You are dopey. (Int -2)
You are covered in fur. (AC +1)
Potions are less effective at restoring your health.


Message History

The Executioner closely misses you. You block the Executioner's attack.
The Executioner completely misses you.
The Executioner hits you but does no damage.
The Executioner misses you. You block the Executioner's attack.
The Executioner hits you!
* * * LOW HITPOINT WARNING * * *
The Executioner hits you but does no damage.
The Executioner misses you. The Executioner barely misses you.
You block the Executioner's attack. The Executioner hits you.
* * * LOW HITPOINT WARNING * * *
Your system partially rejects the healing.
You feel much better. You block the Executioner's attack.
The Executioner barely misses you. You block the Executioner's attack.
The Executioner hits you but does no damage. x2
The Executioner barely misses you. The Executioner hits you!
* * * LOW HITPOINT WARNING * * *
The Executioner hits you but does no damage. x2
You blink.
Your system partially rejects the healing.
You feel much better. The Executioner hits you.
* * * LOW HITPOINT WARNING * * *
The Executioner hits you but does no damage. x2
The Executioner hits you.
* * * LOW HITPOINT WARNING * * *
The Executioner hits you but does no damage.
You block the Executioner's attack.
Okay, then.
You feel stable enough to blink again.
The Executioner hits you but does no damage.
The Executioner misses you.
The Executioner hits you but does no damage.
The Executioner hits you!
* * * LOW HITPOINT WARNING * * *
The Executioner hits you but does no damage. x2
You blink.
The Executioner completely misses you.
The Executioner hits you but does no damage.
The Executioner hits you.
* * * LOW HITPOINT WARNING * * *
The Executioner hits you!!
You die...

##... h. .
#........#
#. #.... ..
...#...#. .
#.......
##h..#####
##....#
##.....####
#..@.......
#..1.......
#.....###.#
#.ยง..##
#...##
#####


You could see an Executioner (fast) and a raiju.

Vanquished Creatures
  A deep elf sorcerer (Elf:1)
  An orc warlord (Orc:2)
  A stone giant (Volcano)
  A minotaur (Gauntlet)
  A boulder beetle (D:11)
  3 hydras
  A catoblepas (Lair:6)
  3 centaur warriors (D:13)
  5 dancing weapons (Elf:1)
  18 death yaks
  4 two-headed ogres
  A deep troll shaman (Lair:6)
  A tengu warrior (Gauntlet)
  5 orc high priests
  Sonja (Lair:6)
  A soul eater (Gauntlet)
  A deep elf knight (Elf:1)
  A skeletal warrior (D:13)
  Amaemon (D:8)
  A bunyip skeleton (Abyss:2)
  7 deep elf archers (Elf:1)
  3 orc knights (Orc:2)
  15 deep elf zephyrmancers
  A lindwurm (Lair:6)
  A necromancer (Gauntlet)
  An ugly thing (D:13)
  18 deep elf pyromancers
  2 oklob plants (Lair:5)
  3 cyclopes
  4 orc sorcerers (Orc:2)
  20 elephants
  A black mamba (Lair:5)
  3 centaur zombies (D:13)
  2 molten gargoyles (Volcano)
  An eye of devastation (shapeshifter) (Elf:1)
  An orange demon (D:8)
  Maggie (D:6)
  2 gargoyles (Volcano)
  13 cane toads
  A torpor snail (Lair:6)
  An efreet (Volcano)
  17 komodo dragons
  A rime drake (Lair:4)
  A tengu conjurer (Gauntlet)
  A guardian mummy (D:13)
  4 trolls
  Grinder (D:4)
  A polar bear (Lair:6)
  23 blink frogs
  10 dream sheep (Lair:5)
  7 slime creatures
  An air elemental (Elf:1)
  A fire elemental (Volcano)
  44 yaks
  A wraith (D:10)
  A vampire (D:10)
  3 water elementals (D:13)
  7 basilisks
  Eustachio (D:4)
  3 fire bats
  4 wyverns
  Grum (D:9)
  2 steam dragons
  5 wargs
  6 vampire mosquitoes (D:12)
  2 nagas (Lair:4)
  3 acid dragons
  16 water moccasins
  A sky beast (D:6)
  A black bear (D:7)
  An ice beast (D:8)
  9 ogres
  35 orc warriors
  8 wolves
  6 centaurs
  2 phantoms
  2 kobold brigands
  Blork the orc (D:4)
  16 bullfrogs
  3 necrophages
  An earth elemental (Volcano)
  4 scorpions
  8 wights
  A howler monkey (D:10)
  7 electric eels
  6 lava snakes (Volcano)
  A quasit (Abyss:2)
  5 hounds
  18 orc priests
  9 jellies
  37 orc wizards
  2 mummies (D:13)
  8 adders
  4 shadow imps (Gauntlet)
  An ufetubus (D:5)
  A worm (D:2)
  5 dart slugs
  111 orcs
  8 endoplasms
  5 giant cockroaches
  5 hobgoblins
  An iguana (D:3)
  A jackal (D:3)
  8 quokkas
  8 ball pythons
  5 bats
  3 frilled lizards (D:1)
  5 goblins
  19 kobolds
  6 rats (D:3)
  3 plants (Lair:6)
711 creatures vanquished.

Vanquished Creatures (collateral kills)
  A deep elf knight (Elf:1)
  10 foxfires
11 creatures vanquished.

Vanquished Creatures (others)
  A deep elf knight (Elf:1)
  2 orc wizards (D:13)
  A bush (Lair:2)
  1050 foxfires
  27 fungi
  85 plants
  4 withered plants (Gauntlet)
1170 creatures vanquished.

Grand Total: 1892 creatures vanquished

Notes
Turn   | Place    | Note
-------+----------+-------------------------------------------
     0 | D:1      | enile the Demigod Fire Elementalist began the quest for the
                  | Orb.
     0 | D:1      | Reached XP level 1. HP: 14/14 MP: 5/5
   244 | D:1      | Reached skill level 1 in Fighting
   613 | D:1      | Reached XP level 2. HP: 12/23 MP: 1/7
   831 | D:1      | Learned a level 2 spell: Scorch
  1882 | D:2      | Identified the +1 robe "Dueph" {rF+}
  1930 | D:2      | Reached skill level 3 in Fire Magic
  1930 | D:2      | Reached skill level 1 in Conjurations
  1930 | D:2      | Reached XP level 3. HP: 29/29 MP: 0/8
  1934 | D:2      | Learned a level 3 spell: Inner Flame
  3261 | D:3      | Noticed a phantom
  3269 | D:3      | Killed a phantom
  3270 | D:3      | Reached skill level 1 in Hexes
  3270 | D:3      | Reached XP level 4. HP: 38/38 MP: 2/9
  3398 | D:3      | Found Zeippe's Jewellery Boutique.
  3547 | D:3      | Identified the +9 whip of Omeghacs {vorpal, *Corrode rN+
                  | Int+3}
  3772 | D:3      | Reached XP level 5. HP: 45/45 MP: 7/10
  4350 | D:3      | Identified the +8 whip of the Green God {freeze, rElec}
  4449 | D:4      | Noticed Grinder
  4463 | D:4      | Paralysed by Grinder for 7 turns
  4470 | D:4      | Killed Grinder
  4471 | D:4      | Reached skill level 4 in Fire Magic
  4471 | D:4      | Reached XP level 6. HP: 43/51 MP: 2/13
  4715 | D:4      | Noticed Eustachio
  4809 | D:4      | Killed Eustachio
  4866 | D:4      | Reached XP level 7. HP: 44/57 MP: 8/14
  5123 | D:4      | Reached skill level 5 in Fire Magic
  5191 | D:4      | Noticed Blork the orc
  5200 | D:4      | Killed Blork the orc
  5286 | D:4      | Found Kohuth's Book Shoppe.
  5773 | D:5      | Entered Level 5 of the Dungeon
  5843 | D:5      | Got the Grimoire of Glacial Confrontation
  5968 | D:5      | Reached skill level 6 in Fire Magic
  5968 | D:5      | Reached XP level 8. HP: 32/63 MP: 7/17
  6243 | D:5      | Identified the +1 ring mail "Efraedah" {Str-4 Dex+5 SInv
                  | Stlth+}
  6417 | D:5      | Learned a level 4 spell: Flame Wave
  7148 | D:6      | Reached skill level 5 in Conjurations
  7241 | D:6      | Reached skill level 7 in Fire Magic
  7720 | D:6      | Noticed Maggie
  7732 | D:6      | Killed Maggie
  7733 | D:6      | Reached skill level 5 in Spellcasting
  7733 | D:6      | Reached skill level 1 in Evocations
  7733 | D:6      | Reached XP level 9. HP: 44/69 MP: 11/20
  7852 | D:6      | Gained mutation: You are partially covered in iridescent
                  | scales. (AC +2) [potion of mutation]
  7852 | D:6      | Gained mutation: You are mostly covered in iridescent
                  | scales. (AC +4) [potion of mutation]
  7852 | D:6      | Gained mutation: Your body sometimes deteriorates upon
                  | taking damage. [potion of mutation]
  7853 | D:6      | Lost mutation: You are mostly covered in iridescent scales.
                  | (AC +4) [potion of mutation]
  7853 | D:6      | Lost mutation: Your body sometimes deteriorates upon taking
                  | damage. [potion of mutation]
  7853 | D:6      | Gained mutation: Potions are less effective at restoring
                  | your health. [potion of mutation]
  7853 | D:6      | Gained mutation: You are covered in fur. (AC +1) [potion of
                  | mutation]
  7853 | D:6      | Gained mutation: You are mostly covered in iridescent
                  | scales. (AC +4) [potion of mutation]
  8063 | D:7      | Found a staircase to the Ecumenical Temple.
  8828 | D:7      | Noticed a cyclops
  9545 | D:8      | Noticed a two-headed ogre
  9552 | D:8      | Killed a two-headed ogre
  9553 | D:8      | Reached skill level 8 in Fire Magic
  9651 | D:8      | Reached skill level 5 in Evocations
  9707 | D:8      | Noticed Amaemon
  9713 | D:8      | Noticed an orange demon
  9918 | D:8      | Killed Amaemon
  9919 | D:8      | Reached XP level 10. HP: 5/78 MP: 13/21
  9919 | D:8      | HP: 3/78 [poisoned by Amaemon]
  9920 | D:8      | Reached skill level 5 in Dodging
 10592 | D:8      | Found a staircase to the Lair.
 10619 | D:8      | Reached skill level 5 in Fighting
 10879 | D:8      | Noticed an ice statue
 11754 | D:9      | Found a staircase to the Orcish Mines.
 11872 | D:9      | Noticed Grum
 11882 | D:9      | Killed Grum
 12911 | Lair:1   | Entered Level 1 of the Lair of Beasts
 13182 | D:10     | Entered Level 10 of the Dungeon
 13409 | D:10     | HP: 4/81 [spore (22)]
 14183 | D:10     | Identified the ring "Quass" {EV+4 Str+4 Int+4}
 14937 | Lair:1   | Reached XP level 11. HP: 89/89 MP: 15/24
 17186 | Lair:2   | Reached skill level 9 in Fire Magic
 17758 | Lair:2   | Noticed a death yak
 17765 | Lair:2   | Noticed a death yak
 17765 | Lair:2   | Noticed a death yak
 17768 | Lair:2   | Noticed a death yak
 17770 | Lair:2   | Killed a death yak
 17770 | Lair:2   | Noticed a death yak
 17771 | Lair:2   | Reached skill level 10 in Fire Magic
 18123 | D:3      | Bought a ring of fire for 300 gold pieces
 18158 | D:4      | Bought a book of Spectacle for 352 gold pieces
 18387 | Lair:1   | Learned a level 6 spell: Starburst
 18866 | Lair:2   | Killed a death yak
 18879 | Lair:2   | Identified a scroll of acquirement
 18879 | Lair:2   | Acquired the +1 buckler of Suuniran {rC+}
 19268 | Lair:2   | Killed a death yak
 19275 | Lair:2   | Killed a death yak
 19280 | Lair:2   | Killed a death yak
 19467 | Lair:2   | Reached skill level 1 in Shields
 19467 | Lair:2   | Reached XP level 12. HP: 100/101 MP: 18/26
 21543 | Lair:4   | Reached skill level 11 in Fire Magic
 21706 | Lair:4   | Found a staircase to the Snake Pit.
 21874 | Lair:4   | Found a staircase to the Shoals.
 22102 | Lair:4   | Reached skill level 1 in Maces & Flails
 22322 | Lair:4   | Reached XP level 13. HP: 80/107 MP: 13/29
 22759 | Lair:5   | Found a gate leading to a gauntlet.
 22771 | Gauntlet | Entered a Gauntlet
 22771 | Gauntlet | Found a transporter.
 22778 | Gauntlet | Found a transporter.
 22780 | Gauntlet | Found a transporter.
 22793 | Gauntlet | Found a transporter.
 22801 | Gauntlet | Found a transporter.
 22817 | Gauntlet | Found a transporter.
 22821 | Gauntlet | Found a runed translucent door.
 22829 | Gauntlet | Found a transporter.
 22834 | Gauntlet | Noticed a minotaur
 22840 | Gauntlet | Found a transporter.
 22857 | Gauntlet | Found a transporter.
 22859 | Gauntlet | Found a transporter.
 22871 | Gauntlet | Found a transporter.
 22921 | Gauntlet | Found a transporter.
 22924 | Gauntlet | Found a transporter.
 23226 | Gauntlet | Found a transporter.
 23397 | Gauntlet | Reached skill level 10 in Conjurations
 23704 | Gauntlet | Killed a minotaur
 23811 | Gauntlet | Identified the -1 pair of gloves of Calculation {+Blink
                  | Int+2}
 24867 | Lair:5   | Found a staircase to the Slime Pits.
 25041 | Lair:6   | Entered Level 6 of the Lair of Beasts
 25423 | Lair:6   | Noticed testman's ghost (journeyman TrMo)
 25568 | Lair:6   | Noticed Sonja
 25572 | Lair:6   | Killed Sonja
 25877 | Lair:6   | Found a transporter.
 25877 | Lair:6   | Found a transporter.
 26392 | Lair:6   | Reached XP level 14. HP: 98/118 MP: 15/31
 27957 | D:11     | Reached skill level 12 in Fire Magic
 29577 | Orc:1    | Entered Level 1 of the Orcish Mines
 30617 | Orc:1    | Reached skill level 13 in Fire Magic
 30921 | Orc:2    | Entered Level 2 of the Orcish Mines
 31048 | Orc:2    | Found a dark tunnel.
 31057 | Volcano  | Entered a volcano
 32258 | Orc:2    | Noticed an orc warlord
 32957 | Orc:2    | Killed an orc warlord
 33218 | Orc:2    | Reached skill level 14 in Fire Magic
 33954 | Orc:2    | Found Okoantis's Antique Armour Shoppe.
 33955 | Orc:2    | Found Mioch's Antique Weapon Emporium.
 33957 | Orc:2    | Found Qagidix's General Store.
 33957 | Orc:2    | Found Zaysh's Book Shoppe.
 33973 | Orc:2    | Bought a potion of curing for 54 gold pieces
 33973 | Orc:2    | Bought a scroll of teleportation for 54 gold pieces
 33983 | Orc:2    | Bought an embroidered cloak for 172 gold pieces
 33983 | Orc:2    | Bought a glowing cloak for 172 gold pieces
 33983 | Orc:2    | Bought a transparent scale mail for 207 gold pieces
 33983 | Orc:2    | Identified the +1 scale mail "Ocatsa" {Will+ Dex+4} (You
                  | bought it in a shop on level 2 of the Orcish Mines)
 34037 | Orc:2    | Bought a glowing buckler for 172 gold pieces
 34182 | D:13     | Found Vemecror's Jewellery Emporium.
 34993 | D:13     | Found a gate to the Vaults.
 35307 | D:13     | Noticed a ghoul
 35839 | Orc:2    | Gained mutation: You are dopey. (Int -2) [a neqoxec]
 36265 | Orc:2    | Reached skill level 15 in Fire Magic
 36460 | Orc:2    | Found a staircase to the Elven Halls.
 36677 | Elf:1    | Entered Level 1 of the Elven Halls
 36710 | Elf:1    | Reached XP level 15. HP: 83/124 MP: 32/32
 37953 | Elf:1    | Reached skill level 16 in Fire Magic
 38320 | Elf:1    | Learned a level 8 spell: Ignition
 38422 | Elf:1    | Reached skill level 10 in Evocations
 38422 | Elf:1    | Reached XP level 16. HP: 92/132 MP: 2/33
 38937 | Elf:1    | Noticed Nikola
 38939 | Elf:1    | Noticed Asterion
 39167 | Elf:1    | Paralysed by an air elemental for 1 turns
 39270 | Elf:1    | Paralysed by an air elemental for 1 turns
 39351 | Elf:1    | Cast into level 2 of the Abyss (a deep elf sorcerer)
 39477 | Abyss:2  | Noticed an Executioner
 39496 | Abyss:2  | Mangled by an Executioner

Illustrated notes

Levels and vault maps discovered:
D:1:      eino_arrival_druids_welcome, layout_basic
D:2:      layout_basic, serial_glass, glass_columns_a, glass_columns_c,
          glass_columns_a, glass_columns_a, glass_columns_b, glass_columns_c,
          glass_columns_c, glass_columns_a, glass_columns_c, glass_columns_c,
          glass_columns_c, glass_columns_a, glass_columns_a, glass_columns_a,
          minivault_14, corexii_corridor_pit
D:3:      layout_basic, eat_drink_and_be_merry_uskayaw, dk_xom_monty_hall,
          serial_shops, shop, shapermc_ecumenical_altar_ellora,
          minmay_quadrilaterals
D:4:      minmay_evil_eye, layout_cave_pools,
          nicolae_wu_jian_immortal_techniques, gammafunk_temple_overflow_wave,
          serial_shops, kennysheep_little_box, serial_bayou,
          serial_bayou_pond_a, serial_bayou_pond_b, serial_bayou_pond_e,
          serial_bayou_shore_b, chequers_serial_rivers_room_a, uniq_grinder,
          uniq_blork_the_orc, uniq_eustachio
D:5:      wander_river, layout_loops_ring, old_standard_altar
D:6:      layout_cave_pools, uniq_maggie
D:7:      layout_loops_cross, nicolae_overflow_hidden_temple,
          nicolae_overflow_crystal_walls, makhleb_blood_cavern_becter,
          minmay_temple_entry_slanted, minmay_microvault
D:8:      minmay_statue_hallways, layout_loops_ring, dpeg_oklobed_lair,
          nicolae_sextant, uniq_amaemon
D:9:      layout_long_grid, fedhas_bush_and_centaur_altar, orc_0_dummy,
          serial_bayou, serial_bayou_pond_e, serial_bayou_shore_b,
          serial_bayou_pond_c, serial_bayou_ford_a, uniq_grum
D:10:     layout_roguey, nicolae_ru_path_of_blood, jiyva_altar_1
D:11:     layout_loops_cross
D:12:     layout_cross
D:13:     layout_basic, david_vaults_1, serial_undead, serial_undead_f,
          serial_undead_f, serial_undead_c, serial_undead_d, serial_shops,
          nicolae_take_the_stairs
Lair:1:   layout_cave_pods
Lair:2:   layout_small_grid
Lair:3:   layout_roguey, wad_woods_road_02, lemuel_fruit_tree,
          infiniplex_staircase_pool_2
Lair:4:   layout_small_grid, elwin_shoals_entry_rocks,
          guppyfry_snake_entry_island, minivault_24, st_stairs_3,
          lemuel_fruit_fields
Lair:5:   layout_gridlike, minmay_slime_entry_oklob_open, gauntlet_entry_generic
Lair:6:   grunt_lair_end_beastmaster, layout_small_grid, nzn_ghost_randoct,
          st_stairs_9, uniq_sonja
Orc:1:    layout_caves, basic_altar, bh_open_orc_temple
Orc:2:    st_orc_congregation, layout_caves, enter_volcano_1, minmay_orc_keep
Elf:1:    eino_elf_arrival_customs, layout_loops_corners,
          minmay_elf_crystal_hexagon, uniq_asterion, uniq_nikola, uniq_louise
Elf:2:    elven_hall_of_blades_hangedman_alternative [nicolae_blade_bullseye],
          layout_geoelf_octagon
Abyss:2:  base:
Orc:2

Skill      XL: |  1  2  3  4  5  6  7  8  9 10 11 12 13 14 15 |
---------------+----------------------------------------------+-----
Fighting       | 1 2 3 4 6 8 9 |  9.0
Spellcasting   | 2 3 4 5 6 7 8 9 |  9.0
Fire Magic     | 3 4 6 7 8 10 11 15 16 | 16.5
Conjurations   | 1 2 3 5 7 9 11 | 11.0
Hexes          | 1 2 3 4 |  4.0
Dodging        | 2 3 4 5 6 7 |  7.0
Evocations     | 1 5 6 9 10 | 10.2
Stealth        | 3 |  3.2
Shields        | 1 4 |  4.0
Maces & Flails | 3 |  3.0

Action                   |  1- 3 |  4- 6 |  7- 9 | 10-12 | 13-15 | 16-18 || total
-------------------------+-------+-------+-------+-------+-------+-------++-------
Melee: Unarmed           |    18 |       |       |       |       |       ||    18
       Short sword       |     7 |     5 |       |       |       |       ||    12
       Whip              |       |     3 |    34 |       |       |       ||    37
       Punch             |       |     1 |       |       |       |       ||     1
       Demon whip        |       |       |       |    89 |   213 |     8 ||   310
       Staff             |       |       |       |       |    23 |       ||    23
Throw: Javelin           |       |     3 |     3 |     7 |       |       ||    13
       Dart              |       |       |       |       |    21 |       ||    21
 Cast: Foxfire           |   110 |    61 |   146 |   175 |   121 |       ||   613
       Scorch            |    11 |    15 |    72 |    81 |    36 |     3 ||   218
       Inner Flame       |       |       |    16 |    54 |    82 |     7 ||   159
       Flame Wave        |       |       |     1 |     6 |     5 |       ||    12
       Starburst         |       |       |       |    42 |   218 |    10 ||   270
       Ignition          |       |       |       |       |     3 |     9 ||    12
 Abil: Evoke Blink       |       |       |       |       |     4 |     3 ||     7
Evoke: Wand              |       |       |       |     8 |    20 |       ||    28
  Use: Scroll            |       |     9 |     6 |     8 |    13 |     5 ||    41
       Potion            |       |       |     6 |     5 |     9 |     6 ||    26
 Stab: Sleeping          |       |       |       |     1 |       |       ||     1
Armor: Robe              |    10 |     9 |    41 |    65 |    88 |     7 ||   220
       Skin              |       |       |     6 |       |       |       ||     6
       Troll leather arm |       |       |       |       |       |    40 ||    40
Dodge: Dodged            |    22 |    16 |    83 |   186 |   317 |    63 ||   687
Block: Buckler           |       |       |       |    10 |   117 |    32 ||   159

Table legend: (Time is in decaauts)
 A = Elapsed time spent in this place.
 B = Non-inter-level travel time spent in this place.
 C = Inter-level travel time spent in this place.
 D = Time resting spent in this place.
 E = Time spent auto-exploring this place.
 F = Levels seen in this place.
 G = Mean time per level.
                   A        B        C        D        E       F      G
               +--------+--------+--------+--------+--------+-----+--------+
         Total |  39609 |  37686 |   1923 |   3695 |  28306 |  26 | 1523.4 |
       Dungeon |  19160 |  17864 |   1296 |   1450 |  14031 |  13 | 1473.8 |
          Lair |  11380 |  10909 |    471 |   1042 |   8616 |   6 | 1896.7 |
  Orcish Mines |   4102 |   3947 |    155 |    329 |   2688 |   2 | 2051.0 |
   Elven Halls |   2675 |   2675 |      0 |    657 |   1551 |   2 | 1337.5 |
         Abyss |    144 |    144 |      0 |      0 |      0 |   1 |  144.0 |
       Volcano |   1044 |   1044 |      0 |      0 |    800 |   1 | 1044.0 |
      Gauntlet |   1102 |   1102 |      0 |    217 |    618 |   1 | 1102.0 |
               +--------+--------+--------+--------+--------+-----+--------+

Top non-repeatable levels by time:
   Orc:2: 2919 daAuts
  Lair:2: 2789 daAuts
     D:8: 2608 daAuts
   Elf:1: 2361 daAuts
  Lair:1: 2181 daAuts
  Lair:6: 2093 daAuts
     D:9: 1843 daAuts
     D:1: 1719 daAuts
  Lair:3: 1557 daAuts
     D:4: 1529 daAuts
     D:7: 1487 daAuts
     D:3: 1484 daAuts
  Lair:4: 1415 daAuts
    D:10: 1386 daAuts
  Lair:5: 1342 daAuts
